 Dungeon Crawl Stone Soup version 0.27-a0-498-g7ecbb0a48f (webtiles) character file.

Game seed: 17002498616431446070

143 Wendigo the Ruffian (level 5, 0/48 HPs)
             Began as a Troll Warper on Mar 2, 2021.
             Slain by an orc wizard
             ... wielding a +2 dagger of venom
              (6 damage)
             ... on level 3 of the Dungeon.
             The game lasted 00:02:56 (1494 turns).

Wendigo the Ruffian (Troll Warper)                  Turns: 1494, Time: 00:02:56

Health: 0/48       AC:  4    Str: 20    XL:     5   Next: 4%
Magic:  5/5        EV: 10    Int:  9    God:
Gold:   101        SH:  0    Dex:  9    Spells: 1/6 levels left

rFire    . . .     SeeInvis .   m - +0 dagger (elec)
rCold    . . .     Faith    .   (no shield)
rNeg     . . .     Spirit   .   a - +0 robe
rPois    .         Reflect  .   (helmet restricted)
rElec    .         Harm     .   (no cloak)
rCorr    .         Rampage  .   (gloves unavailable)
Will     .....                  (boots unavailable)
Stlth    +.........             (no amulet)
HPRegen  1.16/turn              (no ring)
MPRegen  0.09/turn              (no ring)

@: lethally poisoned (0 -> 0)
A: large, unfitting armour, claws 3, regeneration 1, shaggy fur 1, tough skin 1
a: no special abilities


You were on level 3 of the Dungeon.
You visited 1 branch of the dungeon, and saw 3 of its levels.

You collected 101 gold pieces.

Inventory:

Hand Weapons
 m - a +0 dagger of electrocution (weapon)
Missiles
 d - 5 boomerangs of dispersal (quivered)
Armour
 a - a +0 robe (worn)
 o - a +0 kite shield
Jewellery
 p - a +4 ring of protection
Scrolls
 c - 2 scrolls of blinking
 g - 2 scrolls of enchant armour {unknown}
 h - a scroll of fog {unknown}
 k - 2 scrolls of magic mapping {unknown}
 l - 2 scrolls of identify {unknown}
Potions
 b - a potion of cancellation {unknown}
 f - 2 potions of heal wounds {unknown}
 i - 2 potions of mutation {unknown}
 j - a potion of haste {unknown}
 n - a potion of might {unknown}


   Skills:
 - Level 1.5 Fighting
 - Level 0.8 Throwing
 - Level 1.9 Dodging
 + Level 5.3 Unarmed Combat
 - Level 1.2 Spellcasting
 - Level 2.1 Translocations


You had one spell level left.
You knew the following spells:

 Your Spells              Type           Power        Failure   Level
a - Blink                 Tloc           N/A          22%         2
b - Teleport Other        Tloc           4%           41%         3

Your spell library contained the following spells:

 Spells                   Type           Power        Failure   Level
 Gell's Gravitas          Tloc           2%           41%         3
 Lesser Beckoning         Tloc           2%           41%         3
 Manifold Assault         Tloc           4%           82%         4


Dungeon Overview and Level Annotations

Branches:
Dungeon (3/15)

Altars:


Innate Abilities, Weirdness & Mutations

You are too large for most types of armour.
You have claws for hands.
Your natural rate of healing is unusually fast.
You are covered in fur. (AC +1)
You have tough skin. (AC +1)


Message History

You feel sick. Something hits you.
* * * LOW HITPOINT WARNING * * *
You closely miss something. Something hits you.
* * * LOW HITPOINT WARNING * * *
You are more poisoned.
You hit something but do no damage.
You feel sick. Something hits you.
* * * LOW HITPOINT WARNING * * *
You barely miss something.
You feel sick.
You hear some strange, mumbled words.
You are confused.
You bump into the rock wall.
You feel sick. Something hits you.
* * * LOW HITPOINT WARNING * * *
You are more poisoned.
You bump into the rock wall.
You feel sick.
You hear some strange, mumbled words.
A magic dart appears from out of thin air!
The magic dart hits you but does no damage.
You bump into the rock wall.
You feel sick. Something hits you.
* * * LOW HITPOINT WARNING * * *
You are more poisoned.
You bump into the rock wall.
You feel sick. Something hits you but does no damage.
You are more poisoned.
You closely miss something.
You feel very sick.
You hear some strange, mumbled words.
Something tries to affect you, but you resist.
You bump into the rock wall.
You feel less confused.
You feel sick. Something hits you.
* * * LOW HITPOINT WARNING * * *
You are more poisoned.
Okay, then.
You feel better. Something hits you.
* * * LOW HITPOINT WARNING * * *
You barely miss something. Something hits you.
* * * LOW HITPOINT WARNING * * *
You are poisoned.
You hit something.
You feel sick. Something hits you.
You die...

..# #.# #.# # ##.# #. #######
##.## ###... ###.###.....
....####..... ..........
............
..##......########..####..#.#
......)....{@...##....†.....#
###....####...........###
#..).# ######.####.<###
#)...# #......†(.......
#....# #<####>#########
#....# #.# #.# #....# #.# #.#
#...)###.# #.#
#....)##.####.#


There were no monsters in sight!

Vanquished Creatures
  An orc priest (D:3)
  Terence (D:3)
  3 adders (D:2)
  2 worms (D:2)
  A dart slug (D:1)
  6 orcs (D:3)
  3 bats
  4 giant cockroaches
  3 goblins
  4 hobgoblins
  8 jackals
  5 kobolds
  2 quokkas (D:2)
  5 frilled lizards
  A rat (D:1)
49 creatures vanquished.

Notes
Turn   | Place    | Note
-------+----------+-------------------------------------------
     0 | D:1      | Wendigo the Troll Warper began the quest for the Orb.
     0 | D:1      | Reached XP level 1. HP: 19/19 MP: 1/1
   115 | D:1      | You fall into a shaft and drop 1 floor!
   135 | D:2      | Reached skill level 3 in Unarmed Combat
   135 | D:2      | Reached XP level 2. HP: 8/27 MP: 2/2
   335 | D:1      | Reached XP level 3. HP: 33/33 MP: 3/3
   904 | D:2      | Reached skill level 4 in Unarmed Combat
  1014 | D:2      | Found a faded altar of an unknown god.
  1188 | D:2      | Reached XP level 4. HP: 41/41 MP: 4/4
  1337 | D:3      | Noticed Terence
  1345 | D:3      | Killed Terence
  1392 | D:3      | Learned a level 2 spell: Blink
  1396 | D:3      | Learned a level 3 spell: Teleport Other
  1431 | D:3      | Reached skill level 5 in Unarmed Combat
  1450 | D:3      | Reached XP level 5. HP: 48/48 MP: 5/5
  1494 | D:3      | Slain by an orc wizard

Illustrated notes

Levels and vault maps discovered:
D:1:      lemuel_arrival_rhombus, layout_basic
D:2:      layout_rooms, chequers_ecumenical_altar_lobes, minmay_misc_feat_rows
D:3:      layout_loops_ring, uniq_terence

Skill      XL: |  1  2  3  4 |
---------------+-------------+-----
Unarmed Combat | 3 4 5 |  5.3
Fighting       | |  1.5
Throwing       | |  0.8
Dodging        | |  1.9
Spellcasting   | |  1.2
Translocations | |  2.1

Action                   |  1- 3 |  4- 6 || total
-------------------------+-------+-------++-------
Melee: Unarmed           |    51 |       ||    51
       Dagger            |    69 |    66 ||   135
       Punch             |     1 |     1 ||     2
  Use: Potion            |       |     2 ||     2
Armor: Robe              |    41 |    20 ||    61
Dodge: Dodged            |    53 |    22 ||    75

Table legend: (Time is in decaauts)
 A = Elapsed time spent in this place.
 B = Non-inter-level travel time spent in this place.
 C = Inter-level travel time spent in this place.
 D = Time resting spent in this place.
 E = Time spent auto-exploring this place.
 F = Levels seen in this place.
 G = Mean time per level.
                   A        B        C        D        E       F      G
               +--------+--------+--------+--------+--------+-----+--------+
         Total |   1491 |   1412 |     79 |      0 |   1057 |   3 |  497.0 |
       Dungeon |   1491 |   1412 |     79 |      0 |   1057 |   3 |  497.0 |
               +--------+--------+--------+--------+--------+-----+--------+

Top non-repeatable levels by time:
     D:1: 732 daAuts
     D:2: 580 daAuts
     D:3: 178 daAuts
